 Dungeon Crawl Stone Soup version 0.22.1-2-g9c5b331383 (webtiles) character file.

13601 Knorr the Cleaver (level 11, -24/95 HPs)
             Began as a Minotaur Fighter on Jan 1, 2019.
             Was a Believer of the Shining One.
             Killed by Ozocubu's Refrigeration
             ... invoked by Fannar
              (31 damage)
             ... on level 12 of the Dungeon.
             The game lasted 00:57:52 (12362 turns).

Knorr the Cleaver (Minotaur Fighter)               Turns: 12362, Time: 00:57:53

Health: -24/95     AC: 19    Str: 23    XL:     11   Next: 77%
Magic:  12/12      EV: 24    Int:  5    God:    the Shining One [**....]
Gold:   556        SH: 12    Dex: 11    Spells: 10/10 levels left

rFire    + . .     SeeInvis +   a - +0 war axe
rCold    x . .     Gourm    .   c - +0 shield
rNeg     + . .     Faith    .   n - +1 chain mail
rPois    .         Spirit   .   (helmet restricted)
rElec    .         Reflect  .   s - +0 cloak
rCorr    .         Harm     .   H - +0 pair of gloves
MR       .....                  G - +2 pair of boots
Stlth    ..........             k - amulet of the acrobat
HPRegen  0.25/turn              r - ring of fire
MPRegen  0.13/turn              o - ring of see invisible

@: glowing
A: retaliatory headbutt, horns 2
a: Divine Shield, Renounce Religion


You were on level 12 of the Dungeon.
You worshipped the Shining One.
The Shining One was pleased with you.
You were near starving.

You visited 2 branches of the dungeon, and saw 13 of its levels.

You collected 676 gold pieces.
You spent 120 gold pieces at shops.

Inventory:

Hand Weapons
 a - a +0 war axe (weapon)
 g - a +1 scythe of flaming
 p - the +7 spear "Dodiluv" {vamp, Dex+6}
   (You found it on level 6 of the Dungeon)

   It inflicts no extra harm, but heals its wielder when it wounds a living foe.
   It affects your dexterity (+6).
   The Shining One disapproves of the use of such an item.
 q - a +2 quarterstaff of chaos
 z - a +0 blowgun
Missiles
 h - 215 stones (quivered)
Armour
 b - a +0 scale mail
 c - a +0 shield (worn)
 n - a +1 chain mail (worn)
 s - a +0 cloak (worn)
 G - a +2 pair of boots (worn)
 H - a +0 pair of gloves (worn)
Jewellery
 k - an amulet of the acrobat (around neck)
 o - a ring of see invisible (right hand)
 r - a ring of fire (left hand)
 w - a cursed ring of attention {unknown}
Wands
 t - a wand of scattershot (7)
 u - a wand of disintegration (25)
 v - a wand of random effects (15)
 x - a wand of flame (9)
 B - a wand of paralysis (15)
 D - a wand of iceblast (23)
 E - a wand of acid (4)
Scrolls
 e - a scroll of teleportation
 m - 3 scrolls of amnesia
 y - a scroll of fear
 C - a scroll of magic mapping
 F - 2 scrolls of remove curse
 I - a scroll of identify
Potions
 d - 3 potions of might
 i - a potion of cancellation
 j - 2 potions of invisibility
 l - a potion of agility
 J - a potion of mutation {unknown}
 K - a potion of heal wounds {unknown}
Comestibles
 f - 22 rations


   Skills:
 + Level 8.9 Fighting
 + Level 13.8(14.0) Axes
 + Level 3.1(9.7) Polearms
 + Level 11.4 Armour
 + Level 3.9 Dodging
 + Level 1.0 Stealth
 + Level 9.8 Shields
 + Level 0.6 Invocations
 + Level 2.9 Evocations


You had 10 spell levels left.
You didn't know any spells.
Your spell library contained the following spells:

 Spells                   Type           Power        Failure   Level  Hunger
 Animate Skeleton         Necr           N/A          99%         1    ##.....
 Pain                     Necr           #...         99%         1    ##.....
 Ozocubu's Armour         Chrm/Ice       #.......     100%        3    ####...
 Regeneration             Chrm/Necr      #.........   100%        3    ####...
 Vampiric Draining        Necr           #.........   100%        3    ####...
 Animate Dead             Necr           N/A          100%        4    #####..
 Metabolic Englaciation   Hex/Ice        #.........   100%        5    ######.
 Bolt of Cold             Conj/Ice       #.........   100%        6    #######
 Deflect Missiles         Chrm/Air       #.........   100%        6    #######


Dungeon Overview and Level Annotations

Branches:
Dungeon (12/15)            Temple (1/1) D:7            Lair (0/6) D:9
    Orc (0/2) D:9

Altars:
Ashenzari
Cheibriados
Dithmenos
Gozag
Hepliaklqana
Kikubaaqudgha
Makhleb
Nemelex Xobeh
Okawaru
Qazlal
Ru
Sif Muna
Trog
Uskayaw
Vehumet
Wu Jian
Xom
Zin
The Shining One

Shops:
D:4 %   D:8 :([%(

Annotations:
D:12 Fannar


Innate Abilities, Weirdness & Mutations

You reflexively headbutt those who attack you in melee.
You have a pair of horns on your head.


Message History

Fannar gestures wildly while chanting.
Fannar drains the heat from the surrounding environment!
You feel a terrible chill!
You feel very cold.
* * * LOW HITPOINT WARNING * * *
Fannar is frozen.
Fannar resists.
Fannar is severely wounded.
You slash Fannar!
Fannar is almost dead.
Fannar hits you with a quarterstaff of freezing!
* * * LOW HITPOINT WARNING * * *
Fannar freezes you.
* * * LOW HITPOINT WARNING * * *
You barely miss Fannar. You headbutt Fannar, but do no damage.
Fannar is almost dead.
Fannar gestures wildly while chanting.
Fannar blinks!
Fannar mumbles some strange words.
Fannar drains the heat from the surrounding environment!
You feel a terrible chill!
You feel very cold.
You die...

#####################
.....................
..>...............#
####........e.....#####
####.......(...........
.......†...............
#####..........@.......
#.##########..##### #.
..# #. ..########## #.
........... ..........
......... ######..#
#..########


You could see Fannar.

Vanquished Creatures
  Erolcha (D:10)
  2 two-headed ogres
  2 unseen horrors (D:12)
  A cyclops (D:12)
  Maurice (D:10)
  2 centaur zombies
  A gargoyle (D:10)
  A troll (D:9)
  3 hornets
  A hippogriff (D:9)
  A shadow (D:12)
  Sigmund (D:2)
  2 wyverns
  16 yaks
  2 hungry ghosts
  A soldier ant (D:8)
  2 water moccasins
  2 ice beasts (D:5)
  4 orc warriors
  A phantom (D:5)
  A necrophage (D:9)
  A sky beast (D:11)
  4 ogres
  A wolf (D:9)
  2 centaurs (D:6)
  2 big kobolds
  7 bullfrogs
  9 killer bees
  2 scorpions
  A water moccasin skeleton (D:5)
  3 wights (D:10)
  11 electric eels
  5 crimson imps
  A bullfrog zombie (D:6)
  A quasit (D:7)
  12 hounds
  Crazy Yiuf (D:4)
  A gnoll shaman (D:8)
  4 jellies
  4 orc priests
  9 orc wizards
  3 centaur skeletons
  5 iguanas
  6 worker ants
  3 hound zombies
  3 gnolls (D:8)
  12 adders
  An ooze (D:5)
  3 leopard geckos
  21 orcs
  3 ball pythons
  3 giant cockroaches
  5 goblins
  5 hobgoblins
  12 jackals
  9 kobolds
  3 quokkas
  5 bats
  2 frilled lizards (D:2)
  3 rats
236 creatures vanquished.

Vanquished Creatures (others)
  22 plants (D:10)
22 creatures vanquished.

Grand Total: 258 creatures vanquished

Notes
Turn   | Place    | Note
-------+----------+-------------------------------------------
     0 | D:1      | Knorr the Minotaur Fighter began the quest for the Orb.
     0 | D:1      | Reached XP level 1. HP: 19/19 MP: 0/0
   564 | D:1      | Reached XP level 2. HP: 24/27 MP: 1/1
   706 | D:2      | Noticed Sigmund
   718 | D:2      | Killed Sigmund
   718 | D:2      | Reached skill level 3 in Axes
   718 | D:2      | Reached skill level 5 in Armour
   718 | D:2      | Reached XP level 3. HP: 19/34 MP: 2/2
   718 | D:2      | Reached XP level 4. HP: 23/41 MP: 3/3
   718 | D:2      | Reached XP level 5. HP: 27/47 MP: 4/4
  1034 | D:2      | Found a deep blue altar of Sif Muna.
  1178 | D:2      | Found a shattered altar of Ashenzari.
  1842 | D:3      | Reached skill level 1 in Polearms
  1842 | D:3      | Reached skill level 1 in Dodging
  1842 | D:3      | Reached XP level 6. HP: 42/53 MP: 5/5
  1989 | D:3      | Found a shadowy altar of Dithmenos.
  2179 | D:3      | Found a sacrificial altar of Ru.
  2530 | D:4      | Found a snail-covered altar of Cheibriados.
  2861 | D:4      | Found Omaragif's Food Shoppe.
  2890 | D:4      | Reached skill level 4 in Axes
  3165 | D:4      | Found a runed door.
  3169 | D:4      | Noticed Crazy Yiuf
  3172 | D:4      | Killed Crazy Yiuf
  3254 | D:4      | Reached XP level 7. HP: 59/60 MP: 6/6
  3361 | D:4      | Found a glowing silver altar of Zin.
  3434 | D:4      | Reached skill level 5 in Shields
  3612 | D:5      | Entered Level 5 of the Dungeon
  3620 | D:5      | Reached skill level 5 in Fighting
  3864 | D:5      | Reached skill level 5 in Axes
  4053 | D:5      | Reached skill level 6 in Axes
  4053 | D:5      | Reached XP level 8. HP: 39/68 MP: 7/7
  4867 | D:6      | Got an ichor-stained spear
  4868 | D:6      | Identified the +7 spear "Dodiluv" {vamp, Dex+6} (You found
                  | it on level 6 of the Dungeon)
  4976 | D:6      | Reached skill level 7 in Axes
  5206 | D:7      | Reached skill level 8 in Axes
  5207 | D:7      | Found an ancient bone altar of Kikubaaqudgha.
  5216 | D:7      | Found a hide-covered altar of Uskayaw.
  5219 | D:7      | Found an ornate altar of the Wu Jian Council.
  5291 | D:7      | Reached XP level 9. HP: 45/75 MP: 8/8
  5652 | D:7      | Found an iron altar of Okawaru.
  5905 | D:7      | Found a staircase to the Ecumenical Temple.
  5916 | Temple   | Entered the Ecumenical Temple
  5972 | Temple   | Became a worshipper of the Shining One
  6519 | D:8      | Reached skill level 9 in Axes
  6888 | D:8      | Found Ronn's Antique Weapon Boutique.
  6903 | D:8      | Found Azaofulepnil's Book Emporium.
  6985 | D:8      | Found Uzohuy's Food Boutique.
  6989 | D:8      | Bought a ration for 60 gold pieces
  6989 | D:8      | Bought a ration for 60 gold pieces
  7016 | D:8      | Found Exeheif's Weapon Shoppe.
  7305 | D:8      | Found Kyedyopi's Armour Shop.
  7430 | D:9      | Found a staircase to the Orcish Mines.
  7466 | D:9      | Reached skill level 10 in Axes
  7486 | D:9      | Reached skill level 10 in Armour
  7486 | D:9      | Reached skill level 1 in Evocations
  7486 | D:9      | Reached XP level 10. HP: 36/84 MP: 9/9
  7857 | D:9      | Reached * piety under the Shining One
  7982 | D:9      | Reached skill level 11 in Axes
  8506 | D:9      | Found a staircase to the Lair.
  9023 | D:10     | Entered Level 10 of the Dungeon
  9026 | D:10     | Noticed Erolcha
  9031 | D:10     | Killed Erolcha
  9031 | D:10     | Reached skill level 12 in Axes
  9162 | D:10     | Noticed Maurice
  9226 | D:10     | Noticed a gargoyle
  9257 | D:10     | Killed a gargoyle
  9497 | D:10     | Killed Maurice
  9497 | D:10     | Reached XP level 11. HP: 81/93 MP: 11/11
  9524 | D:10     | Noticed a two-headed ogre
  9534 | D:10     | Killed a two-headed ogre
  9806 | D:10     | Reached ** piety under the Shining One
 10468 | D:10     | Identified Camp's Volume of Flight and Cold
 10756 | D:11     | Reached skill level 13 in Axes
 11633 | D:12     | Noticed a centaur warrior
 11633 | D:12     | Noticed an unseen horror
 11638 | D:12     | Noticed a frost giant
 11856 | D:12     | Noticed a two-headed ogre
 11923 | D:12     | Killed a two-headed ogre
 11938 | D:12     | Killed an unseen horror
 11938 | D:12     | Reached skill level 1 in Stealth
 11942 | D:12     | Noticed a storm dragon
 11950 | D:12     | Noticed an unseen horror
 11954 | D:12     | The Shining One protects you from harm!
 11956 | D:12     | HP: 3/95 [storm dragon/bolt of lightning (19)]
 12325 | D:12     | Noticed Fannar
 12325 | D:12     | Noticed an unseen horror
 12333 | D:12     | Killed an unseen horror
 12362 | D:12     | Killed from afar by Fannar

Skill      XL: |  1  2  3  4  5  6  7  8  9 10 11 |
---------------+----------------------------------+-----
Armour         | 5 6 7 8 10 11 | 11.4
Fighting       | 4 5 6 7 8 |  8.9
Axes           | 3 4 6 8 10 12 13 | 13.8
Shields        | 4 5 6 7 8 9 |  9.8
Polearms       | 1 2 3 |  3.1
Dodging        | 1 2 3 |  3.9
Evocations     | 1 2 |  2.9
Stealth        | 1 |  1.0
Invocations    | |  0.6

Action                   |  1- 3 |  4- 6 |  7- 9 | 10-12 || total
-------------------------+-------+-------+-------+-------++-------
Melee: War axe           |    20 |    28 |   305 |   346 ||   699
       Headbutt          |     1 |    15 |    63 |    75 ||   154
       Scythe            |       |    67 |       |       ||    67
Invok: Divine Shield     |       |       |       |     2 ||     2
Evoke: Wand              |       |       |     4 |    37 ||    41
  Use: Scroll            |     3 |     4 |     4 |     4 ||    15
       Potion            |       |       |     5 |     7 ||    12
  Eat: Chunk             |       |     6 |     3 |     6 ||    15
       Ration            |       |       |     9 |     2 ||    11
Armor: Scale mail        |    11 |    52 |       |       ||    63
       Chain mail        |       |    40 |   159 |   121 ||   320
Dodge: Dodged            |    13 |    67 |   118 |   130 ||   328
Block: Shield            |    15 |    17 |   189 |   205 ||   426
